 Dungeon Crawl Stone Soup version 0.29-a0-477-g62b78b4225 (webtiles) character file.

Game seed: 6066277185965652798

6622 dabmancer the Thaumaturge (level 10, -1/44 HPs)
             Began as a Spriggan Hedge Wizard on May 25, 2022.
             Was a High Priest of Sif Muna.
             Slain by a two-headed ogre
             ... wielding a +0 giant club
              (21 damage)
             ... on level 10 of the Dungeon.
             The game lasted 01:08:22 (20624 turns).

dabmancer the Thaumaturge (Spriggan Hedge Wizard)  Turns: 20624, Time: 01:08:23

Health: -1/44      AC:  4    Str:  6    XL:     10   Next: 72%
Magic:  18/28      EV: 23    Int: 20    God:    Sif Muna [*****.]
Gold:   740        SH:  0    Dex: 15    Spells: 20/35 levels left

rFire   . . .      SeeInvis +   G - +0 dagger (flame)
rCold   . . .      Faith    .   (no shield)
rNeg    + + .      Spirit   .   k - +1 robe of Levity {rN++ Archmagi}
rPois   .          Reflect  .   c - +0 hat
rElec   .          Harm     .   F - +0 cloak
rCorr   .          Rampage  .   (gloves unavailable)
Will    +....      Archmagi +   (boots unavailable)
Stlth   +++.......              L - amulet of the acrobat
HPRegen 0.14/turn               i - +4 ring of evasion
MPRegen 0.21/turn               M - ring of see invisible

@: very quick
A: very small, no large weapons, unfitting armour, see invisible, speed 3
a: Renounce Religion, Channel Magic, Forget Spell, Divine Exegesis


You were on level 10 of the Dungeon.
You worshipped Sif Muna.
Sif Muna was extremely pleased with you.
You visited 2 branches of the dungeon, and saw 11 of its levels.
You also visited: Sewer and Ossuary.

You collected 740 gold pieces.

Inventory:

Hand Weapons
 a - a +0 dagger
 G - a +0 dagger of flaming (weapon)
 Q - a +0 rapier of electrocution
Missiles
 g - 496 stones
 B - 5 curare-tipped darts
 C - 16 poisoned darts
 I - 9 boomerangs
 P - a throwing net
 W - 2 boomerangs of dispersal
Armour
 b - a +0 robe
 c - a +0 hat (worn)
 k - the +1 robe of Levity (worn) {rN++ Archmagi}
   (You acquired it on level 6 of the Dungeon)

   rN:        It greatly protects you from negative energy.
   Archmagi:  It increases the power of your magical spells.
 F - a +0 cloak (worn)
Magical Staves
 x - a staff of death
Jewellery
 i - a +4 ring of evasion (left hand)
 w - a ring of resist corrosion
 L - an amulet of the acrobat (around neck)
 M - a ring of see invisible (right hand)
 O - a +4 ring of slaying
 S - a ring of positive energy
Wands
 q - a wand of digging (4)
Scrolls
 h - 3 scrolls of poison
 j - 4 scrolls of enchant armour
 l - 4 scrolls of fear
 o - 2 scrolls of vulnerability {unknown}
 s - a scroll of fog {unknown}
 v - 3 scrolls of teleportation
 y - a scroll of torment {unknown}
 D - 2 scrolls of blinking {unknown}
 E - 2 scrolls of magic mapping
 J - a scroll of amnesia {unknown}
 N - 4 scrolls of identify
 R - a scroll of noise {unknown}
 U - a scroll of summoning {unknown}
 V - a scroll of enchant weapon {unknown}
Potions
 d - 2 potions of magic
 e - a potion of resistance {unknown}
 f - 5 potions of heal wounds
 m - a potion of berserk rage {unknown}
 n - 3 potions of degeneration
 p - a potion of cancellation {unknown}
 r - 6 potions of might
 t - 3 potions of invisibility {unknown}
 u - 2 potions of brilliance {unknown}
 z - a potion of lignification {unknown}
 A - 4 potions of curing
 H - 3 potions of attraction {unknown}
 K - a potion of haste {unknown}
Miscellaneous
 T - a phial of floods


   Skills:
 - Level 0.1 Fighting
 - Level 0.2 Short Blades
 + Level 5.5 Throwing
 + Level 5.7 Dodging
 + Level 5.1 Stealth
 + Level 13.2 Spellcasting
 + Level 6.4 Conjurations
 + Level 3.9 Summonings
 + Level 3.9 Translocations


You had 20 spell levels left.
You knew the following spells:

 Your Spells              Type           Power      Damage    Failure   Level
a - Magic Dart            Conj           100%       1d8       1%          1
b - Blink                 Tloc           86%        N/A       1%          2
c - Call Imp              Summ           43%        N/A       1%          2
d - Conjure Flame         Conj/Fire      39%        6-21      4%          3
f - Stone Arrow           Conj/Erth      78%        3d11      4%          3
g - Poisonous Vapours     Pois/Air       38%        N/A       8%          2
r - Searing Ray           Conj           100%       2d8       1%          2

Your spell library contained the following spells:

 Spells                   Type           Power      Damage    Failure   Level
 Gell's Gravitas          Tloc           43%        N/A       3%          3
 Teleport Other           Tloc           43%        N/A       3%          3
 Sandblast                Erth           38%        2d10      4%          1
 Slow                     Hex            76%        N/A       4%          1
 Mephitic Cloud           Conj/Pois/Air  32%        N/A       6%          3
 Passwall                 Tmut/Erth      15%        N/A       8%          2
 Fulminant Prism          Conj/Hex       19%        3d11      13%         4
 Confusing Touch          Hex            19%        N/A       16%         3
 Vampiric Draining        Necr           19%        2d7       16%         3
 Animate Armour           Summ/Erth      62%        N/A       22%         4
 Corpse Rot               Necr/Pois/Air  19%        N/A       45%         4
 Dispersal                Tloc           21%        N/A       83%         6
 Iron Shot                Conj/Erth      19%        9d4       90%         6
 Lehudib's Crystal Spear  Conj/Erth      19%        10d6      100%        8


Dungeon Overview and Level Annotations

Branches:
Dungeon (10/15)            Temple (1/1) D:6           Sewer (visited)
Ossuary (visited)
   Lair: D:8-11         Orc: D:9-12

Altars:
Ashenzari
Cheibriados
Dithmenos
Elyvilon
Fedhas
Gozag
Hepliaklqana
Kikubaaqudgha
Makhleb
Nemelex Xobeh
Okawaru
Qazlal
Ru
Sif Muna
Trog
Uskayaw
Vehumet
Wu Jian
Xom
Yredelemnul
Zin
The Shining One


Innate Abilities, Weirdness & Mutations

You are very small and have problems with some larger weapons.
You are too small for most types of armour.
You have supernaturally acute eyesight. (SInv)
You cover ground extremely quickly. (Speed+++)


Message History

The searing ray hits the two-headed ogre!
The two-headed ogre is moderately wounded.
The searing ray hits the yak!
The yak is moderately wounded.
There is a stone staircase leading up here.
You start resting.
A two-headed ogre is nearby!
You feel a surge of power!
The magic dart hits the two-headed ogre but does no damage.
The two-headed ogre is moderately wounded.
Casting: Magic Dart (safe; 1% risk of failure)
Confirm with . or Enter, or press ? or * to list all spells.
Aiming: Searing Ray (safe; 1% risk of failure)
Press: ? - help, Shift-Dir - straight line, f/p - two-headed ogre
Aim: a two-headed ogre, wielding a +0 giant club and a +0 giant spiked club (moderately wounded, 92% to hit)
You feel a surge of power!
The searing ray hits the two-headed ogre!
The two-headed ogre is heavily wounded. (Press . to maintain the ray.)
Casting: Searing Ray (safe; 1% risk of failure)
Confirm with . or Enter, or press ? or * to list all spells.
Restarting spell: Searing Ray (safe; 1% risk of failure)
Press: ? - help, Shift-Dir - straight line, f/p - two-headed ogre
Aim: a two-headed ogre, wielding a +0 giant club and a +0 giant spiked club (heavily wounded, 92% to hit)
You feel a surge of power!
The searing ray hits the two-headed ogre!
The two-headed ogre is severely wounded. (Press . to maintain the ray.)
Casting: Searing Ray (safe; 1% risk of failure)
Confirm with . or Enter, or press ? or * to list all spells.
Aiming: Searing Ray (safe; 1% risk of failure)
Press: ? - help, Shift-Dir - straight line, f/p - two-headed ogre
Aim: a two-headed ogre, wielding a +0 giant club and a +0 giant spiked club (severely wounded, 92% to hit)
You feel a surge of power!
The searing ray hits the two-headed ogre.
The two-headed ogre is severely wounded. (Press . to maintain the ray.)
The two-headed ogre hits you with a +0 giant club!
The two-headed ogre hits you with a +0 giant spiked club!!
You die...

#### ..
##..####..#
#...#.....##
##..........#
##....##.....# .
#..@O.###....##..
##.<.............
##.##.........#
####.Y...##..#
#...#.....##
#..##......###
####...Y......##
##.O.....#..#.
#....#..## ...


You could see a two-headed ogre and a yak.

Vanquished Creatures
  A two-headed ogre (D:9)
  The ghost of SkeletonJelly the Cleaver, a novice MiFi of Okawaru (D:9)
  2 hornets
  2 wraiths
  A ynoxinul (D:9)
  9 yaks
  Menkaure (D:5)
  A water moccasin (D:6)
  2 orc warriors
  3 sky beasts
  A black bear (D:7)
  An ice beast (D:6)
  3 kobold brigands
  2 bullfrogs
  A gnoll sergeant (D:8)
  4 scorpions
  3 wights
  7 killer bees
  5 hounds
  2 human zombies (Ossuary)
  5 orc priests
  A centaur zombie (Ossuary)
  A jelly (D:7)
  An iguana (D:5)
  8 orc wizards
  2 hound zombies (Ossuary)
  3 mummies (Ossuary)
  10 gnolls
  10 adders
  2 shadow imps
  A white imp (D:7)
  An ufetubus (D:6)
  4 adder zombies (Ossuary)
  2 dart slugs
  4 worms
  23 orcs
  9 ball pythons
  10 bats
  10 endoplasms
  4 giant cockroaches
  A gnoll zombie (Ossuary)
  7 goblins
  4 hobgoblins
  9 jackals
  A quokka (D:1)
  A frilled lizard (D:3)
  2 goblin zombies (Ossuary)
  A hobgoblin zombie (Ossuary)
  3 jackal zombies (Ossuary)
  20 kobolds
  3 kobold zombies (Ossuary)
  An orc zombie (Ossuary)
  2 quokka zombies (Ossuary)
  8 rats
  8 rat zombies (Ossuary)
234 creatures vanquished.

Vanquished Creatures (collateral kills)
  Pargi (Sewer)
  A sky beast (D:7)
  A centaur zombie (Ossuary)
  2 human zombies (Ossuary)
  An iguana (D:4)
  An adder (D:2)
  3 jackals (D:4)
  A gnoll zombie (Ossuary)
  A kobold (D:7)
  An orc zombie (Ossuary)
  A quokka zombie (Ossuary)
  A rat zombie (Ossuary)
15 creatures vanquished.

Vanquished Creatures (others)
  2 fungi (D:5)
  5 plants (D:9)
7 creatures vanquished.

Grand Total: 256 creatures vanquished

Notes
Turn   | Place    | Note
-------+----------+-------------------------------------------
     0 | D:1      | dabmancer the Spriggan Hedge Wizard began the quest for the
                  | Orb.
     0 | D:1      | Reached XP level 1. HP: 9/9 MP: 6/6
   566 | D:1      | Reached XP level 2. HP: 13/13 MP: 5/8
  1870 | D:2      | Reached skill level 1 in Conjurations
  1915 | D:2      | Found a shimmering blue altar of Sif Muna.
  1925 | D:2      | Became a worshipper of Sif Muna the Loreminder
  2021 | D:2      | Reached skill level 5 in Spellcasting
  2021 | D:2      | Reached XP level 3. HP: 16/16 MP: 4/10
  2387 | D:2      | Learned a level 2 spell: Blink
  2420 | D:2      | Learned a level 2 spell: Call Imp
  2449 | D:2      | Reached XP level 4. HP: 21/21 MP: 3/12
  3144 | D:2      | Reached * piety under Sif Muna
  4365 | D:4      | Reached XP level 5. HP: 24/24 MP: 9/14
  4392 | D:4      | Reached skill level 6 in Spellcasting
  4824 | D:4      | Found a sand-covered staircase.
  4892 | Ossuary  | Entered an ossuary
  5289 | Ossuary  | Reached skill level 1 in Summonings
  5532 | Ossuary  | Reached XP level 6. HP: 28/28 MP: 1/16
  5655 | Ossuary  | Reached ** piety under Sif Muna
  6477 | Ossuary  | Reached skill level 7 in Spellcasting
  7628 | D:4      | Reached XP level 7. HP: 32/32 MP: 13/18
  7912 | D:4      | Reached *** piety under Sif Muna
  8434 | D:5      | Entered Level 5 of the Dungeon
  8469 | D:5      | Found a glowing drain.
  8543 | Sewer    | Entered a sewer
  8679 | Sewer    | Noticed Pargi
  8697 | Sewer    | Killed Pargi
  8698 | Sewer    | Reached skill level 8 in Spellcasting
  9560 | D:5      | Noticed Menkaure
 10491 | D:5      | Reached XP level 8. HP: 36/36 MP: 19/21
 10558 | D:5      | Found a shimmering altar of Xom.
 10638 | D:5      | Learned a level 3 spell: Conjure Flame
 12106 | D:5      | Killed Menkaure
 12356 | D:6      | Reached skill level 9 in Spellcasting
 12773 | D:6      | Found a staircase to the Ecumenical Temple.
 13413 | D:7      | Reached skill level 10 in Spellcasting
 13601 | D:7      | Reached **** piety under Sif Muna
 14743 | D:7      | Reached skill level 5 in Stealth
 15479 | D:6      | Reached XP level 9. HP: 18/39 MP: 10/24
 15857 | D:6      | Reached skill level 5 in Conjurations
 15905 | D:6      | Identified 2 scrolls of acquirement
 15908 | D:6      | Acquired the +1 robe of Levity {rN++ Archmagi}
 15920 | D:6      | Acquired a book of Conjurations
 15927 | D:6      | Learned a level 2 spell: Searing Ray
 15933 | D:6      | Learned a level 3 spell: Stone Arrow
 15936 | D:6      | Learned a level 2 spell: Poisonous Vapours
 16399 | Temple   | Entered the Ecumenical Temple
 17849 | D:8      | Reached skill level 11 in Spellcasting
 18455 | D:8      | Reached skill level 1 in Throwing
 18466 | D:8      | Reached skill level 12 in Spellcasting
 18858 | D:9      | Found a runed translucent door.
 18862 | D:9      | Noticed SkeletonJelly's ghost (novice MiFi)
 18982 | D:9      | Reached XP level 10. HP: 32/44 MP: 1/27
 19070 | D:9      | Reached skill level 5 in Dodging
 19309 | D:9      | Noticed a two-headed ogre
 19362 | D:9      | Killed a two-headed ogre
 20205 | D:9      | Killed SkeletonJelly's ghost
 20206 | D:9      | Reached skill level 5 in Throwing
 20206 | D:9      | Reached skill level 13 in Spellcasting
 20332 | D:9      | Got the Reference Book on the Rocks
 20361 | D:10     | Entered Level 10 of the Dungeon
 20518 | D:10     | Reached ***** piety under Sif Muna
 20577 | D:10     | Noticed a two-headed ogre
 20624 | D:10     | Slain by a two-headed ogre

Illustrated notes

Levels and vault maps discovered:
D:1:      sevenhm_arrival_forest_fort_small_6, layout_basic
D:2:      layout_basic, basic_altar
D:3:      layout_loops_ring
D:4:      layout_basic, nicolae_ossuary_entry_false_entrances,
          kennysheep_generic_room_15
D:5:      layout_loops_ring, mainiacjoe_overflow_chevrons, portal_sewer_entry_c,
          dreamdust_gnoll_farm, uniq_menkaure
D:6:      layout_basic, minmay_temple_entry_nine_rooms, minmay_strange_pillars,
          st_stairs_9
D:7:      layout_rooms
D:8:      layout_loops_ring
D:9:      layout_roguey, hellmonk_ghost_big_iron
D:10:     layout_cave_pools, david_lair_shrubbed
Temple:   mainiacjoe_temple_starburst

Skill      XL: |  1  2  3  4  5  6  7  8  9 10 |
---------------+-------------------------------+-----
Conjurations   | 1 2 3 4 5 6 |  6.4
Spellcasting   | 5 6 7 8 10 12 13 | 13.2
Dodging        | 3 4 5 |  5.7
Summonings     | 1 2 3 |  3.9
Stealth        | 5 |  5.1
Translocations | 3 |  3.9
Throwing       | 1 5 |  5.5
Fighting       | |  0.1
Short Blades   | |  0.2

Action                   |  1- 3 |  4- 6 |  7- 9 | 10-12 || total
-------------------------+-------+-------+-------+-------++-------
Melee: Dagger            |    27 |    12 |    16 |       ||    55
       Punch             |       |     1 |       |       ||     1
Throw: Stone             |       |    25 |     1 |       ||    26
       Dart              |       |       |    12 |    29 ||    41
       Throwing net      |       |       |     1 |       ||     1
       Boomerang         |       |       |     2 |       ||     2
 Cast: Magic Dart        |    91 |   364 |   352 |    26 ||   833
       Call Imp          |     1 |    18 |    18 |     1 ||    38
       Blink             |     1 |       |     4 |       ||     5
       Searing Ray       |       |       |    38 |    36 ||    74
  Use: Scroll            |       |       |    12 |       ||    12
Armor: Robe              |     1 |     6 |    10 |       ||    17
Dodge: Dodged            |    35 |    75 |   163 |    32 ||   305

Table legend: (Time is in decaauts)
 A = Elapsed time spent in this place.
 B = Non-inter-level travel time spent in this place.
 C = Inter-level travel time spent in this place.
 D = Time resting spent in this place.
 E = Time spent auto-exploring this place.
 F = Levels seen in this place.
 G = Mean time per level.
                   A        B        C        D        E       F      G
               +--------+--------+--------+--------+--------+-----+--------+
         Total |  16978 |  16448 |    530 |   4681 |   8919 |  13 | 1306.0 |
       Dungeon |  14278 |  13826 |    452 |   4162 |   7422 |  10 | 1427.8 |
        Temple |    399 |    321 |     78 |      0 |    311 |   1 |  399.0 |
         Sewer |    436 |    436 |      0 |    242 |    104 |   1 |  436.0 |
       Ossuary |   1865 |   1865 |      0 |    277 |   1080 |   1 | 1865.0 |
               +--------+--------+--------+--------+--------+-----+--------+

Top non-repeatable levels by time:
     D:5: 3050 daAuts
     D:6: 2821 daAuts
 Ossuary: 1865 daAuts
     D:4: 1588 daAuts
     D:1: 1375 daAuts
     D:9: 1175 daAuts
     D:3: 1125 daAuts
     D:2: 1067 daAuts
     D:8: 953 daAuts
     D:7: 893 daAuts
   Sewer: 436 daAuts
  Temple: 399 daAuts
    D:10: 227 daAuts
